 Dungeon Crawl Stone Soup version 0.22-a0-412-g2b68d14 (webtiles) character file.

23 Gorice the Sneak (level 2, -1/15 HPs)
             Began as a Deep Elf Wanderer on May 12, 2018.
             Slain by Natasha (2 damage)
             ... on level 2 of the Dungeon.
             The game lasted 00:04:11 (1311 turns).

Gorice the Sneak (Deep Elf Wanderer)                Turns: 1311, Time: 00:04:12

Health: -1/15      AC: 11    Str:  9    XL:     2   Next: 75%
Magic:  4/4        EV:  1    Int: 15    God:
Gold:   68         SH:  0    Dex: 15    Spells: 1/1 levels left

rFire    . . .     SeeInvis .   b - +0 hand crossbow
rCold    . . .     Gourm    .   (no shield)
rNeg     . . .     Faith    .   k - +1 plate armour
rPois    .         Spirit   .   (no helmet)
rElec    .         Reflect  .   (no cloak)
rCorr    .         Harm     .   (no gloves)
MR       .....                  (no boots)
Stlth    ..........             (no amulet)
HPRegen  0.05/turn              (no ring)
MPRegen  0.09/turn              (no ring)

@: hasted and slowed
A: no striking features
a: no special abilities


You were on level 2 of the Dungeon.
You were not hungry.

You visited 1 branch of the dungeon, and saw 2 of its levels.

You collected 68 gold pieces.

Inventory:

Hand Weapons
 a - a +2 whip of flaming
   (You took it off a hobgoblin on level 2 of the Dungeon)
 b - a +0 hand crossbow (weapon)
 f - a +0 dagger
Missiles
 d - 30 bolts (quivered)
 Y - 20 stones
 Z - 3 throwing nets
Armour
 c - a +0 leather armour
 k - a +1 plate armour (worn)
Scrolls
 e - 4 scrolls of teleportation {!r}
Potions
 j - a potion of mutation {!q}
 l - a potion of brilliance {unknown}
 m - a potion of might {unknown}
 o - 2 potions of resistance {!q}
Comestibles
 g - 5 rations
 i - 3 chunks of flesh


   Skills:
 * Level 2.9 Crossbows
 + Level 1.1 Armour
 - Level 3.6 Dodging
 - Level 3.6 Stealth
   Level 1.0 Shields


You had one spell level left.
You didn't know any spells.
Your spell library was empty.

Dungeon Overview and Level Annotations

Branches:
Dungeon (2/15)

Altars:

Annotations:
D:2 Natasha


Message History

You kill the bat!
Firing (i - inventory. (/) - cycle)
d - 34 bolts (quivered)
Press: ? - help, Shift-Dir - straight line, f/p - Natasha
Aim: Natasha You shoot a bolt.
The bolt barely misses Natasha.
Natasha casts a spell at you.
You feel yourself slow down. Natasha claws you.
Damage: 1 (max 1) Firing (i - inventory. (/) - cycle)
d - 33 bolts (quivered)
Press: ? - help, Shift-Dir - straight line, f/p - Natasha
Aim: Natasha You shoot a bolt.
The bolt closely misses Natasha.
Natasha claws you.
The crimson imp blinks!
Natasha claws you.
* * * LOW HITPOINT WARNING * * *
Damage: 6 (max 6) Firing (i - inventory. (/) - cycle)
d - 32 bolts (quivered)
Press: ? - help, Shift-Dir - straight line, f/p - Natasha
Aim: Natasha You shoot a bolt.
The bolt hits Natasha!
Natasha is heavily wounded.
The crimson imp blinks!
Natasha claws you.
* * * LOW HITPOINT WARNING * * *
The crimson imp blinks!
The crimson imp hits you but does no damage.
Natasha howls an incantation.
Natasha shimmers violently.
Natasha stares at you and mumbles some strange words.
The magic dart hits you!
Damage: 3 (max 6) Unknown command.
Unknown command.
Natasha claws you.
* * * LOW HITPOINT WARNING * * *
Damage: 2 (max 6)
The crimson imp spits at you.
The crimson imp hits you but does no damage.
It was a potion of haste.
You feel yourself speed up.
The crimson imp disappears in a puff of smoke!
The crimson imp hits you but does no damage.
Natasha claws you.
* * * LOW HITPOINT WARNING * * *
Damage: 1 (max 6) Unknown command.
Firing (i - inventory. (/) - cycle)
d - 31 bolts (quivered)
Press: ? - help, Shift-Dir - straight line, f/p - Natasha
Aim: Natasha (heavily wounded)
You shoot a bolt. The bolt closely misses Natasha.
The crimson imp disappears in a puff of smoke!
Natasha claws you.
You die...

#.#####.#####.#.# ########.#
#<.........
...[.....######...####.#
.........>..............
#.###.######.#..####.........
#...##..)..............#####
#........##.....###.#
#.#.####§######.# #.# #...#
#@# #.# #.# #...####h# #. ..#
#..5.((5§# ### #..#####.#
.........# #.# ...........
#.# .#######..#.... ... ...
.####.##


You could see Natasha and a crimson imp.

Vanquished Creatures
  An adder (D:2)
  A goblin (D:1)
  3 hobgoblins
  2 jackals (D:1)
  2 bats
  4 frilled lizards
  3 rats (D:1)
16 creatures vanquished.

Notes
Turn   | Place    | Note
-------+----------+-------------------------------------------
     0 | D:1      | Gorice the Deep Elf Wanderer began the quest for the Orb.
     0 | D:1      | Gorice set off with: a +0 leather armour, a +0 hand crossbow, 21 bolts, a scroll of teleportation {!r}, a +0 dagger, a ration, 3 throwing nets
     0 | D:1      | Reached XP level 1. HP: 10/10 MP: 3/3
    31 | D:1      | Reached skill level 2 in Crossbows
   226 | D:1      | Reached XP level 2. HP: 15/15 MP: 4/4
  1028 | D:2      | HP: 4/15 [poisoned by an adder]
  1293 | D:2      | Noticed Natasha
  1300 | D:2      | Noticed a crimson imp
  1300 | D:2      | Noticed a crimson imp
  1301 | D:2      | Noticed a crimson imp
  1307 | D:2      | HP: 4/15 [Natasha (4)]
  1310 | D:2      | HP: 1/15 [Natasha (1)]
  1311 | D:2      | Slain by Natasha

Vault maps used:
D:1:      mrwooster_arrival_statue
D:2:      lemuel_upstairs_altar, first_ration, lemuel_statue_altar,
          uniq_natasha, uniq_jessica

Skill      XL: |  1 |
---------------+----+-----
Crossbows      | 2 |  2.9
Armour         | |  1.1
Dodging        | |  3.6
Stealth        | |  3.6
Shields        | |  1.0

Action                   || total
-------------------------++-------
 Fire: Hand crossbow     ||    41
  Use: Scroll            ||     4
       Potion            ||     1
  Eat: Chunk             ||     1
Armor: Plate armour      ||    29
Dodge: Dodged            ||     2

Table legend:
 A = Spawn XP
 B = Non-spawn XP
 C = Spawn XP percentage of total XP
 D = Spawn monster count
 E = Non-spawn monster count
 F = Spawn count percentage of total count
 G = Total turns spent on level
                    A         B        C        D         E        F      G
               +---------+---------+-------+---------+---------+-------+---------
         Total |       0 |      34 |   0.0 |       0 |      16 |   0.0 |  1311
               +---------+---------+-------+---------+---------+-------+---------
           D:1 |       0 |      17 |   0.0 |       0 |      12 |   0.0 |  1155
           D:2 |       0 |      17 |   0.0 |       0 |       4 |   0.0 |   156
               +---------+---------+-------+---------+---------+-------+---------

Table legend:
 A = Turns spent in this place as a percentage of turns spent in the entire game.
 B = Non-inter-level travel turns spent in this place as a percentage of non-inter-level travel turns spent in the entire game.
 C = Inter-level travel turns spent in this place as a percentage of turns spent in this place.
 D = Turns resting spent in this place as a percentage of non-inter-level travel turns spent in this place.
 E = Turns spent auto-exploring this place as a percentage of non-inter-level travel turns spent in this place.
 F = Non-inter-level travel turns spent in this place divided by the number of levels of this place that you've seen.
                   A       B       C       D       E      F
               +-------+-------+-------+-------+-------+----------------------
         Total | 100.0 | 100.0 |   4.7 |  17.0 |  61.9 | 625.0
       Dungeon | 100.0 | 100.0 |   4.7 |  17.0 |  61.9 | 625.0
               +-------+-------+-------+-------+-------+----------------------

Vault maps used:
D:1:      mrwooster_arrival_statue
D:2:      lemuel_upstairs_altar, first_ration, lemuel_statue_altar,
          uniq_natasha, uniq_jessica
